 Dungeon Crawl Stone Soup version 0.21.1-1-g345015f (webtiles) character file.

2449 xccam the Skirmisher (level 9, -3/74 HPs)
             Began as a Gnoll Wanderer on Feb 15, 2018.
             Was a Priest of Okawaru.
             Slain by a two-headed ogre
             ... wielding a +0 giant club
              (6 damage)
             ... on level 7 of the Dungeon.
             The game lasted 00:19:27 (6741 turns).

xccam the Skirmisher (Gnoll Wanderer)               Turns: 6741, Time: 00:19:28

Health: -3/74      AC:  9    Str: 17    XL:     9   Next: 49%
Magic:  16/18      EV: 15    Int: 16    God:    Okawaru [***...]
Gold:   406        SH:  0    Dex: 14    Spells: 21/21 levels left

rFire    + . .     SeeInvis +   a - +2 quarterstaff
rCold    . . .     Gourm    .   (shield currently unavailable)
rNeg     . . .     Faith    .   w - +0 scale mail
rPois    .         Spirit   .   H - +0 helmet
rElec    .         Reflect  .   (no cloak)
rCorr    .         Harm     .   (no gloves)
MR       .....                  (no boots)
Stlth    +++.......             t - amulet of rage
HPRegen  0.22/turn              v - ring of see invisible
MPRegen  0.16/turn              l - ring of protection from fire

@: heroism
A: distributed training, fangs 1, strong nose
a: Heroism, Renounce Religion, Evoke Berserk Rage


You were on level 7 of the Dungeon.
You worshipped Okawaru.
Okawaru was most pleased with you.
You were not hungry.

You visited 1 branch of the dungeon, and saw 7 of its levels.
You also visited: Sewer.

You collected 406 gold pieces.

Inventory:

Hand Weapons
 a - a +2 quarterstaff (weapon)
 h - a +0 shortbow
 P - a +1 halberd of venom
Missiles
 i - 195 stones
 m - 35 bolts
 r - 65 sling bullets
 u - 31 arrows
 z - a poisoned tomahawk (quivered)
Armour
 w - a +0 scale mail (worn)
 H - a +0 helmet (worn)
 O - a +0 pair of boots
Jewellery
 l - a ring of protection from fire (right hand)
 t - an amulet of rage (around neck)
 v - a ring of see invisible (left hand)
Wands
 y - a wand of enslavement (17)
 F - a wand of paralysis (16)
 K - a wand of flame (19)
Scrolls
 d - 3 scrolls of remove curse
 k - a scroll of enchant weapon {unknown}
 s - 2 scrolls of blinking {unknown}
 x - 5 scrolls of teleportation {unknown}
 A - 3 scrolls of noise {unknown}
 B - a scroll of magic mapping {unknown}
 C - 3 scrolls of fog
 E - 3 scrolls of fear {unknown}
 I - 3 scrolls of identify
 M - a scroll of random uselessness {unknown}
 N - 3 scrolls of enchant armour {unknown}
Potions
 b - a potion of lignification
 c - 4 potions of curing
 e - a potion of heal wounds {unknown}
 g - a potion of haste {unknown}
 j - a potion of flight {unknown}
 n - 3 potions of magic
 o - 2 potions of might
 q - a potion of invisibility {unknown}
 D - a potion of agility {unknown}
 G - a potion of resistance {unknown}
 L - a potion of mutation {unknown}
Books
 p - a book of Misfortune

   Spells                             Type                      Level
   a - Confusing Touch                Hexes                        1
   b - Confuse                        Hexes                        3
   c - Gell's Gravitas                Translocation                3
   d - Petrify                        Transmutation/Earth          4
   e - Metabolic Englaciation         Hexes/Ice                    5
   f - Yara's Violent Unravelling     Hexes/Transmutation          5
 J - a book of Changes

   Spells                             Type                      Level
   a - Beastly Appendage              Transmutation                1
   b - Sticks to Snakes               Transmutation                2
   c - Spider Form                    Transmutation/Poison         3
   d - Ice Form                       Ice/Transmutation            4
   e - Blade Hands                    Transmutation                5
Comestibles
 f - 6 rations


   Skills:
 + Level 7.9(12.9) Fighting
 + Level 4.2(9.2) Short Blades
 + Level 4.2(9.2) Long Blades
 + Level 4.2(9.2) Axes
 + Level 4.2(9.2) Maces & Flails
 + Level 4.2(9.2) Polearms
 + Level 6.3(11.3) Staves
 + Level 4.2(9.2) Slings
 + Level 4.2(9.2) Bows
 + Level 4.2(9.2) Crossbows
 + Level 4.2(9.2) Throwing
 + Level 4.2(9.2) Armour
 + Level 4.2(9.2) Dodging
 + Level 4.2(9.2) Stealth
 + Level 5.0(10.0) Shields
 + Level 4.2(9.2) Unarmed Combat
 + Level 6.6 Spellcasting
 + Level 3.4 Conjurations
 + Level 3.4 Hexes
 + Level 3.4 Charms
 + Level 3.4 Summonings
 + Level 3.4 Necromancy
 + Level 3.4 Translocations
 + Level 3.4 Transmutations
 + Level 4.1 Fire Magic
 + Level 3.4 Ice Magic
 + Level 3.4 Air Magic
 + Level 3.4 Earth Magic
 + Level 3.4 Poison Magic
 + Level 4.6 Invocations
 + Level 5.0 Evocations


You had 21 spell levels left.
You didn't know any spells.

Dungeon Overview and Level Annotations

Branches:
Dungeon (7/15)             Temple (0/1) D:7

Altars:
Ashenzari
Gozag
Hepliaklqana
Makhleb
Okawaru
Qazlal
Sif Muna
Trog
Uskayaw
Xom


Innate Abilities, Weirdness & Mutations

Your experience applies equally to all skills.
You have very sharp teeth.
Your uncanny sense of smell can sniff out nearby items.


Message History

You hit the two-headed ogre.
The two-headed ogre is moderately wounded.
The two-headed ogre closely misses you.
The two-headed ogre hits you with a giant club!
You gain the combat prowess of a mighty hero.
The two-headed ogre hits you with a giant club!
The two-headed ogre misses you.
You sock the two-headed ogre!
The two-headed ogre is heavily wounded.
You hit the two-headed ogre.
You bite the two-headed ogre, but do no damage.
The two-headed ogre is heavily wounded.
The two-headed ogre closely misses you.
The two-headed ogre hits you with a giant club!!
* * * LOW HITPOINT WARNING * * *
You bludgeon the two-headed ogre!!
The two-headed ogre is almost dead.
The two-headed ogre barely misses you.
The two-headed ogre hits you with a giant club.
You die...

#.# #........#
#.###........# ##
#..##........# ..
##.##........# .#
#..#........# .# ..
##.#........# ##.# ....
#.##.####### #..#.....
###..#.###########..(..._.
...........#....@O.(#.....
####.#.###.#.######.# ...
# #.#.# #.#.# .# . # #.#.#
#.#.##### .# # #...#
#.......# .. # ##..#
#.......# ## # #..#
#.......# # #..# #.......#
# #..# #...........


You could see a two-headed ogre.

Vanquished Creatures
  Pikel (D:5)
  A hippogriff (D:7)
  2 ice beasts
  A phantom (D:5)
  2 ogres
  A centaur (D:5)
  2 big kobolds (Sewer)
  2 bullfrogs
  2 scorpions
  4 crimson imps
  A jelly (D:7)
  A hound (D:4)
  2 bullfrog skeletons
  An orc priest (D:5)
  A centaur skeleton (D:4)
  3 iguanas
  2 orc wizards
  4 worker ants
  2 hound zombies (D:6)
  A hound skeleton (D:7)
  11 adders
  8 gnolls
  3 river rats (Sewer)
  A shadow imp (D:7)
  3 oozes
  4 worms
  2 dart slugs
  A leopard gecko (D:4)
  21 orcs
  4 giant cockroaches
  7 goblins
  8 hobgoblins
  5 jackals
  A quokka (D:3)
  7 ball pythons (Sewer)
  4 bats
  4 frilled lizards
  9 kobolds
  A leopard gecko skeleton (D:4)
  A leopard gecko zombie (D:7)
  15 rats
156 creatures vanquished.

Notes
Turn   | Place    | Note
-------+----------+-------------------------------------------
     0 | D:1      | xccam the Gnoll Wanderer began the quest for the Orb.
     0 | D:1      | xccam set off with: a +2 quarterstaff, a potion of lignification, a potion of curing, a +0 robe, a ration
     0 | D:1      | Reached XP level 1. HP: 23/23 MP: 6/6
   236 | D:1      | Reached XP level 2. HP: 29/29 MP: 7/7
   849 | D:2      | Reached skill level 5 in Spellcasting
   849 | D:2      | Reached XP level 3. HP: 23/35 MP: 7/9
  1162 | D:2      | Reached skill level 1 in Invocations
  1197 | D:2      | Found a hide-covered altar of Uskayaw.
  1269 | D:2      | Found an opulent altar of Gozag.
  1341 | D:2      | Reached skill level 1 in Short Blades
  1341 | D:2      | Reached skill level 1 in Long Blades
  1341 | D:2      | Reached skill level 1 in Axes
  1341 | D:2      | Reached skill level 1 in Maces & Flails
  1341 | D:2      | Reached skill level 1 in Polearms
  1341 | D:2      | Reached skill level 1 in Slings
  1341 | D:2      | Reached skill level 1 in Bows
  1341 | D:2      | Reached skill level 1 in Crossbows
  1341 | D:2      | Reached skill level 1 in Throwing
  1341 | D:2      | Reached skill level 1 in Armour
  1341 | D:2      | Reached skill level 1 in Dodging
  1341 | D:2      | Reached skill level 1 in Stealth
  1341 | D:2      | Reached skill level 1 in Unarmed Combat
  1768 | D:3      | Reached XP level 4. HP: 35/41 MP: 11/11
  1784 | D:3      | Reached skill level 1 in Conjurations
  1784 | D:3      | Reached skill level 1 in Hexes
  1784 | D:3      | Reached skill level 1 in Charms
  1784 | D:3      | Reached skill level 1 in Summonings
  1784 | D:3      | Reached skill level 1 in Necromancy
  1784 | D:3      | Reached skill level 1 in Translocations
  1784 | D:3      | Reached skill level 1 in Transmutations
  1784 | D:3      | Reached skill level 1 in Ice Magic
  1784 | D:3      | Reached skill level 1 in Air Magic
  1784 | D:3      | Reached skill level 1 in Earth Magic
  1784 | D:3      | Reached skill level 1 in Poison Magic
  1977 | D:3      | Reached XP level 5. HP: 39/47 MP: 12/12
  2748 | D:3      | Found a deep blue altar of Sif Muna.
  3010 | D:4      | Noticed an ogre
  3017 | D:4      | Killed an ogre
  3017 | D:4      | Reached XP level 6. HP: 53/53 MP: 13/13
  3116 | D:4      | Reached skill level 5 in Staves
  3150 | D:4      | Found an iron altar of Okawaru.
  3200 | D:4      | Became a worshipper of Warmaster Okawaru
  3377 | D:4      | Reached XP level 7. HP: 58/59 MP: 15/15
  3494 | D:5      | Entered Level 5 of the Dungeon
  3511 | D:5      | Reached skill level 7 in Fighting
  3883 | D:5      | Found a stormy altar of Qazlal.
  4101 | D:5      | Reached * piety under Okawaru
  4113 | D:5      | Found a shimmering altar of Xom.
  4155 | D:5      | Found a bloodstained altar of Trog.
  4203 | D:5      | Reached XP level 8. HP: 53/67 MP: 16/16
  4277 | D:5      | Noticed Pikel
  4287 | D:5      | Killed Pikel
  4287 | D:5      | Reached ** piety under Okawaru
  5050 | D:6      | Reached XP level 9. HP: 69/72 MP: 18/18
  5164 | D:6      | Found a glowing drain.
  5184 | Sewer    | Entered a sewer
  5927 | D:6      | Found a shattered altar of Ashenzari.
  5927 | D:6      | Found a hazy altar of Hepliaklqana.
  6109 | D:7      | Reached *** piety under Okawaru
  6179 | D:7      | Found a bloodstained altar of Trog.
  6253 | D:7      | Reached skill level 5 in Shields
  6253 | D:7      | Reached skill level 5 in Evocations
  6590 | D:7      | Found a staircase to the Ecumenical Temple.
  6728 | D:7      | Found a burning altar of Makhleb.
  6729 | D:7      | Noticed a two-headed ogre
  6740 | D:7      | HP: 3/74 [two-headed ogre/giant club (24)]
  6741 | D:7      | Slain by a two-headed ogre

Skill      XL: |  1  2  3  4  5  6  7  8  9 |
---------------+----------------------------+-----
Fire Magic     | 2 3 4 |  4.1
Spellcasting   | 5 6 |  6.6
Invocations    | 1 2 3 4 |  4.6
Short Blades   | 1 2 3 4 |  4.2
Long Blades    | 1 2 3 4 |  4.2
Axes           | 1 2 3 4 |  4.2
Maces & Flails | 1 2 3 4 |  4.2
Polearms       | 1 2 3 4 |  4.2
Slings         | 1 2 3 4 |  4.2
Bows           | 1 2 3 4 |  4.2
Crossbows      | 1 2 3 4 |  4.2
Throwing       | 1 2 3 4 |  4.2
Armour         | 1 2 3 4 |  4.2
Dodging        | 1 2 3 4 |  4.2
Stealth        | 1 2 3 4 |  4.2
Unarmed Combat | 1 2 3 4 |  4.2
Conjurations   | 1 2 3 |  3.4
Hexes          | 1 2 3 |  3.4
Charms         | 1 2 3 |  3.4
Summonings     | 1 2 3 |  3.4
Necromancy     | 1 2 3 |  3.4
Translocations | 1 2 3 |  3.4
Transmutations | 1 2 3 |  3.4
Ice Magic      | 1 2 3 |  3.4
Air Magic      | 1 2 3 |  3.4
Earth Magic    | 1 2 3 |  3.4
Poison Magic   | 1 2 3 |  3.4
Shields        | 3 4 5 |  5.0
Evocations     | 3 4 5 |  5.0
Staves         | 5 6 |  6.3
Fighting       | 7 |  7.9

Action                   |  1- 3 |  4- 6 |  7- 9 || total
-------------------------+-------+-------+-------++-------
Melee: Quarterstaff      |    80 |    98 |   159 ||   337
       Bite              |     6 |     7 |    14 ||    27
 Fire: Shortbow          |       |       |   233 ||   233
Throw: Stone             |    97 |    37 |       ||   134
       Tomahawk          |       |    14 |     1 ||    15
Invok: Heroism           |       |       |     2 ||     2
 Abil: Evoke Berserk Rag |       |       |     1 ||     1
  Use: Scroll            |     2 |       |     4 ||     6
 Stab: Sleeping          |       |       |     1 ||     1
  Eat: Chunk             |     2 |     6 |     8 ||    16
       Ration            |       |       |     1 ||     1
Armor: Leather armour    |    19 |     6 |       ||    25
       Ring mail         |       |     7 |       ||     7
       Scale mail        |       |    18 |    82 ||   100
Dodge: Dodged            |    50 |    49 |   148 ||   247
